AoeStats
← MrKadlatko

Four Lakes

509713442Analyzed
1v1 RM · 4d ago on Sep 27, 2026· 67m 43s· 2 players
Game mode
Random Map
Map size
Tiny (2 player)
Population
200
Speed
Normal
Resources
Standard
Victory
Conquest
Starting age
Dark Age
Ending age
Imperial Age
RankedLock teamsTeams togetherTeam positionsShared explorationLock speedFull tech treeHidden civsTurbo modeCheats
Victory
Defeat
🇨🇿 Khitans · Czechia
853
+16
🇨🇱 Vietnamese · Chile
849
-16
fbilla94
4:29 Loom
11:47 Feudal Age
13:11 Wheelbarrow
12:21 Town Watch
15:54 Fletching
17:01 Padded Archer Armor
17:33 Fishing Lines
18:43 Double-Bit Axe
22:29 Castle Age
21:47 Scale Mail Armor
24:14 Hand Cart
25:33 Crossbowman
26:19 Thumb Ring
25:35 Elite Skirmisher
32:19 Imperial Age
30:13 Ballistics
29:45 Guard Tower
30:23 Gold Mining
30:21 Pikeman
31:06 Squires
32:31 Bodkin Arrow
32:52 Leather Archer Armor
33:18 Bloodlines
32:30 Cavalier
33:11 Husbandry
34:20 Elite Fire Lancer
37:55 Masonry
39:59 Paper Money
40:47 Scale Barding Armor
46:31 Town Patrol
56:39 Stone Mining
59:43 Halberdier
60:49 Medium Warships
64:04 Heavy Warships
MrKadlatko
7:59 Loom
10:27 Feudal Age
12:03 Double-Bit Axe
13:01 Fishing Lines
17:10 Fletching
22:23 Castle Age
21:02 Stone Mining
21:03 Gold Mining
22:22 Padded Archer Armor
22:34 Forging
22:30 Scale Barding Armor
23:44 Bow Saw
24:04 Bodkin Arrow
24:45 Iron Casting
25:09 Elite Skirmisher
28:49 Ballistics
31:55 Imperial Age
31:11 Chain Barding Armor
32:55 Bracer
33:39 Heavy Cavalry Archer
38:55 Chemistry
39:18 Elite Steppe Lancer
44:56 Parthian Tactics
45:20 Plate Barding Armor
45:07 Leather Archer Armor
45:56 Heavy Camel Rider
51:16 Ring Archer Armor
63:52 Spies/Treason
68:11 Conscription
Connection lost

Rejoining the realm…

Still unreachable

The connection could not be restored.

Session expired

The server has moved on; the page needs a fresh start.